 Dungeon Crawl Stone Soup version 0.25-a0-277-g7046ed1b37 (webtiles) character file.

Game seed: 14955069745092816974, levelgen mode: deterministic

84 Jindul the Shield-Bearer (level 4, -6/29 HPs)
             Began as a Gargoyle Fighter on Dec 9, 2019.
             Was an Initiate of Gozag.
             Blown up by Ijyb (11 damage)
             ... with a disintegration bolt
             ... on level 3 of the Dungeon.
             The game lasted 00:05:33 (2019 turns).

Jindul the Shield-Bearer (Gargoyle Fighter)         Turns: 2019, Time: 00:05:34

Health: -6/29      AC: 10    Str: 21    XL:     4   Next: 46%
Magic:  4/4        EV:  8    Int:  8    God:    Gozag
Gold:   113        SH:  9    Dex:  9    Spells: 3/3 levels left

rFire    . . .     SeeInvis .   a - +0 flail
rCold    . . .     Gourm    .   c - +0 shield
rNeg     + . .     Faith    .   b - +0 scale mail
rPois    ∞         Spirit   .   (no helmet)
rElec    +         Reflect  .   (no cloak)
rCorr    .         Harm     .   (no gloves)
MR       .....                  (no boots)
Stlth    ..........             (no amulet)
HPRegen  0.09/turn              (no ring)
MPRegen  0.09/turn              (no ring)

@: no status effects
A: negative energy resistance 1, electricity resistance, unbreathing,
petrification resistance, rot immunity, AC +3
a: Potion Petition, Call Merchant, Bribe Branch, Renounce Religion


You were on level 3 of the Dungeon.
You worshipped Gozag.
Gozag was aware of your devotion.
You were not hungry.

You visited 1 branch of the dungeon, and saw 3 of its levels.

You collected 124 gold pieces.
You paid 11 gold pieces to Gozag.

Inventory:

Hand Weapons
 a - a +0 flail (weapon)
Armour
 b - a +0 scale mail (worn)
 c - a +0 shield (worn)
Scrolls
 e - 2 scrolls of remove curse {unknown}
 g - 3 scrolls of enchant armour {unknown}
 i - a scroll of identify {unknown}
 k - a scroll of magic mapping {unknown}
 l - a scroll of fog {unknown}
 p - 2 scrolls of fear {unknown}
 q - a scroll of teleportation {unknown}
Potions
 d - a potion of might
 h - a potion of curing {unknown}
 j - a potion of agility {unknown}
 m - a potion of brilliance {unknown}
 n - a potion of degeneration {unknown}
 o - a potion of ambrosia {unknown}
Comestibles
 f - a ration


   Skills:
 + Level 3.7 Fighting
 * Level 2.8 Maces & Flails
 + Level 3.7 Armour
 - Level 1.0 Dodging
 * Level 4.1 Shields


You had 3 spell levels left.
You didn't know any spells.
Your spell library contained the following spells:

 Spells                   Type           Power        Failure   Level  Hunger
 Summon Small Mammal      Summ           #...         99%         1    ##.....
 Call Imp                 Summ           #.......     100%        2    ###....
 Call Canine Familiar     Summ           #.......     100%        3    ####...
 Summon Guardian Golem    Hex/Summ       #.......     100%        3    ####...
 Summon Ice Beast         Ice/Summ       #.......     100%        4    #####..
 Summon Lightning Spire   Summ/Air       #.......     100%        4    #####..


Dungeon Overview and Level Annotations

Branches:
Dungeon (3/15)

Altars:
Fedhas
Gozag
Okawaru
Ru

Annotations:
D:3 Ijyb


Innate Abilities, Weirdness & Mutations

You are resistant to torment.
Your stone body is resilient. (AC +3)
You are immune to poison.
You resist negative energy. (rN+)
You are resistant to electric shocks. (rElec)
You can survive without breathing.
You are immune to petrification.
You are immune to rotting.


Message History

Ijyb hits you but does no damage.
You hit Ijyb but do no damage.
Ijyb is lightly wounded.
Ijyb hits you but does no damage. You block Ijyb's attack.
You hit Ijyb.
Ijyb is lightly wounded.
You block Ijyb's attack.
A hobgoblin comes into view.
You closely miss Ijyb.
Ijyb is lightly wounded.
Ijyb zaps a wand.
You are blasted!
* * * LOW HITPOINT WARNING * * *
Your scale mail prevents you from hitting Ijyb.
Ijyb is lightly wounded.
Ijyb hits you.
* * * LOW HITPOINT WARNING * * *
You barely miss Ijyb.
Ijyb is lightly wounded.
You block Ijyb's attack.
Ijyb zaps a wand.
You are blasted!
You die...

#..# # ...# .#
#..##. $ $ #....
#######... .....
.g. ...##g#
####.##@#
........#
####.#..# #...
..####....#.......
#..#
#........###.##.##
#[.# #.####....#
## #..# #.#
##.##.# #..# #.#
#)# ## #..# #.#
#.#


You could see Ijyb and a hobgoblin.

Vanquished Creatures
  3 adders
  A worm (D:2)
  A dart slug (D:1)
  2 leopard geckos
  4 orcs (D:3)
  3 bats
  5 giant cockroaches (D:1)
  5 goblins
  3 hobgoblins
  A quokka (D:2)
  2 frilled lizards
  9 kobolds
  7 rats
46 creatures vanquished.

Notes
Turn   | Place    | Note
-------+----------+-------------------------------------------
     0 | D:1      | Jindul the Gargoyle Fighter began the quest for the Orb.
     0 | D:1      | Reached XP level 1. HP: 14/14 MP: 1/1
    93 | D:1      | Reached XP level 2. HP: 17/19 MP: 2/2
   503 | D:1      | Reached XP level 3. HP: 23/23 MP: 3/3
  1200 | D:2      | Found an opulent altar of Gozag.
  1207 | D:2      | Became a worshipper of Gozag Ym Sagoz the Greedy
  1519 | D:2      | Found an iron altar of Okawaru.
  1612 | D:2      | Found a sacrificial altar of Ru.
  1802 | D:2      | Found a blossoming altar of Fedhas.
  1878 | D:3      | Reached XP level 4. HP: 24/29 MP: 4/4
  1900 | D:3      | Reached skill level 4 in Shields
  1998 | D:3      | Reached skill level 1 in Dodging
  2009 | D:3      | Noticed Ijyb
  2019 | D:3      | Blown up by Ijyb

Levels and vault maps discovered:
D:1:      minmay_arrival_four_houses, layout_basic
D:2:      layout_basic, overflow_temple_1_default, nicolae_ru_path_of_blood,
          grunt_gozag_statues, minmay_misc_feat_columns, fedhas_altar_fruit_tree
D:3:      layout_loops_ring, overflow_temple_1_default, first_ration,
          kennysheep_small_spiral, corexii_leaking_fountain, uniq_ijyb

Skill      XL: |  1  2  3  4 |
---------------+-------------+-----
Shields        | 4 |  4.1
Dodging        | 1 |  1.0
Fighting       | |  3.7
Maces & Flails | |  2.8
Armour         | |  3.7

Action                   |  1- 3 |  4- 6 || total
-------------------------+-------+-------++-------
Melee: Flail             |   180 |    36 ||   216
  Eat: Ration            |     1 |       ||     1
       Chunk             |     1 |       ||     1
Armor: Scale mail        |    88 |    14 ||   102
Dodge: Dodged            |    53 |     8 ||    61
Block: Shield            |   111 |    15 ||   126

Table legend:
 A = Non-vault XP
 B = Vault XP
 C = Vault XP percentage of total XP
 D = Non-vault monster count
 E = Vault monster count
 F = Vault count percentage of total count
                 A         B        C        D         E       F
            +---------+---------+-------+---------+---------+-------
      Total |     121 |       0 |   0.0 |      46 |       0 |   0.0
            +---------+---------+-------+---------+---------+-------
        D:1 |      45 |       0 |   0.0 |      27 |       0 |   0.0
        D:2 |      26 |       0 |   0.0 |       8 |       0 |   0.0
        D:3 |      50 |       0 |   0.0 |      11 |       0 |   0.0
            +---------+---------+-------+---------+---------+-------
